PAA
ATLANTIC CITY SONICS @ LAKE MINNETONKA LOVE BOATS
08/03/2034
 
TOP OF THE 1ST
Atlantic City Sonics batting - Pitching for Lake Minnetonka Love Boats : RHP Albert Pérez
Pitching: RHP Albert Pérez
Batting: RHB Gary Jenkins 0-0: Ball
1-0: Called Strike
1-1: Ball
2-1: TRIPLE (Line Drive, 9LD)
Batting: RHB Dam Son 0-0: Ball
1-0: SINGLE (Line Drive, 56)
Gary Jenkins scores
Batting: RHB Carlos Mendoza 0-0: Called Strike
0-1: Hit by Pitch
Dam Son to second
Batting: LHB Bryce Abood 0-0: Ball
1-0: Fly out, F6 (Popup, 6M)
Batting: RHB Jeff Quesenberry Pickoff Throw to Second - Error! E1
Dam Son to third
Carlos Mendoza to second
0-0: Called Strike
0-1: Ground out 5-3 (Groundball, 5)
Batting: LHB Scotty Mitchell 0-0: Ball
1-0: Foul Ball, location: 2F
1-1: Ball
2-1: Foul Ball, location: 2F
2-2: Ball
3-2: Fly out, F8 (Flyball, 8LD)
Top of the 1st over - 1 run, 2 hits, 1 error, 2 left on base; Atlantic City 1 - Lake Minnetonka 0
BOTTOM OF THE 1ST
Lake Minnetonka Love Boats batting - Pitching for Atlantic City Sonics : RHP Matt O'Keevan
Pitching: RHP Matt O'Keevan
Batting: LHB Matt Palmer 0-0: Called Strike
0-1: Called Strike
0-2: Ground out U3 (Groundball, 3L)
Batting: RHB Jeff Hunter 0-0: Ball
1-0: Called Strike
1-1: Ball
2-1: Ball
3-1: Foul Ball, location: 2F
3-2: Strikes out swinging
Batting: RHB Mario van Heijbeeck 0-0: Foul Ball, location: 2F
0-1: SINGLE (Line Drive, 4D)
Batting: LHB Juan Ramírez 0-0: Ball
1-0: Ball
2-0: Foul Ball, location: 2F
2-1: Swinging Strike
2-2: Ground out U3 (Groundball, 3)
Bottom of the 1st over - 0 runs, 1 hit, 0 errors, 1 left on base; Atlantic City 1 - Lake Minnetonka 0
TOP OF THE 2ND
Atlantic City Sonics batting - Pitching for Lake Minnetonka Love Boats : RHP Albert Pérez
Batting: LHB António Casas 0-0: Foul Ball, location: 2F
0-1: Called Strike
0-2: Ball
1-2: Ball
2-2: SINGLE (Groundball, 56D)
Batting: RHB John Willoughby 0-0: Ball
1-0: Swinging Strike
1-1: SINGLE (Line Drive, 78S)
António Casas to second
Batting: LHB Xuan-ling Liao 0-0: Ball
1-0: Ball
2-0: Called Strike
2-1: Grounds into double play, 4-6-3 (Groundball, 4)
António Casas to third
Batting: RHB Gary Jenkins 0-0: SINGLE (Line Drive, 78S)
António Casas scores
Batting: RHB Dam Son 0-0: Ball
1-0: Called Strike
Gary Jenkins is caught stealing 2nd base
Top of the 2nd over - 1 run, 3 hits, 0 errors, 0 left on base; Atlantic City 2 - Lake Minnetonka 0
BOTTOM OF THE 2ND
Lake Minnetonka Love Boats batting - Pitching for Atlantic City Sonics : RHP Matt O'Keevan
Batting: RHB Guillermo Carrizales 0-0: Ball
1-0: Foul Ball, location: 2F
1-1: Swinging Strike
1-2: Strikes out swinging
Batting: LHB Wilton Maynard 0-0: Called Strike
0-1: Ball
1-1: Ball
2-1: Ball
3-1: Base on Balls
Batting: RHB Francisco Guerra 0-0: Ball
1-0: Foul Ball, location: 2F
1-1: Ball
2-1: Foul Ball, location: 2F
2-2: Strikes out swinging
Batting: RHB Martin van Veldhuizen 0-0: Ball
1-0: Ball
2-0: Ball
3-0: Called Strike
3-1: Foul Ball, location: 2F
3-2: Base on Balls
Wilton Maynard to second
Batting: RHB Yoshii Saikawa 0-0: Fielders Choice at 2nd, U4 (Groundball, 4M)
Bottom of the 2nd over - 0 runs, 0 hits, 0 errors, 2 left on base; Atlantic City 2 - Lake Minnetonka 0
TOP OF THE 3RD
Atlantic City Sonics batting - Pitching for Lake Minnetonka Love Boats : RHP Albert Pérez
Batting: RHB Dam Son 0-0: Foul Ball, location: 2F
0-1: Ball
1-1: Foul Ball, location: 2F
1-2: Ball
2-2: Strikes out swinging
Batting: RHB Carlos Mendoza 0-0: Ground out 6-3 (Groundball, 6)
Batting: LHB Bryce Abood 0-0: Called Strike
0-1: Ball
1-1: Called Strike
1-2: Foul Ball, location: 2F
1-2: Strikes out swinging
Top of the 3rd over - 0 runs, 0 hits, 0 errors, 0 left on base; Atlantic City 2 - Lake Minnetonka 0
BOTTOM OF THE 3RD
Lake Minnetonka Love Boats batting - Pitching for Atlantic City Sonics : RHP Matt O'Keevan
Batting: LHB Matt Palmer 0-0: Called Strike
0-1: Ball
1-1: Ball
2-1: Ball
3-1: Bunt for hit - play at first, batter safe!
Batting: RHB Jeff Hunter 0-0: Reached on error, E4 (Groundball, 34)
Matt Palmer to third
Batting: RHB Mario van Heijbeeck 0-0: Ball
1-0: Foul Ball, location: 2F
1-1: Ball
2-1: SINGLE (Groundball, 56D)
Matt Palmer scores
Jeff Hunter to third
Batting: LHB Juan Ramírez 0-0: Fly out, F2 (Popup, 5SF)
Batting: RHB Guillermo Carrizales 0-0: Called Strike
0-1: Called Strike
0-2: Ball
Mario van Heijbeeck steals 2nd base
1-2: Fly out, F8 (Flyball, 89D)
Runner from 3rd tags up, SCORES, throw made
Batting: LHB Wilton Maynard 0-0: Called Strike
0-1: Foul Ball, location: 2F
0-2: Ground out 4-3 (Groundball, 4)
Bottom of the 3rd over - 2 runs, 2 hits, 1 error, 1 left on base; Atlantic City 2 - Lake Minnetonka 2
TOP OF THE 4TH
Atlantic City Sonics batting - Pitching for Lake Minnetonka Love Boats : RHP Albert Pérez
Batting: RHB Jeff Quesenberry 0-0: Ball
1-0: Ball
2-0: Called Strike
2-1: Foul Ball, location: 2F
2-2: Ground out 6-3 (Groundball, 6)
Batting: LHB Scotty Mitchell 0-0: Called Strike
0-1: Ground out 4-3 (Groundball, 34D)
Batting: LHB António Casas 0-0: Foul Ball, location: 2F
0-1: Swinging Strike
0-2: Ball
1-2: Foul Ball, location: 2F
1-2: Ball
2-2: Strikes out swinging
Top of the 4th over - 0 runs, 0 hits, 0 errors, 0 left on base; Atlantic City 2 - Lake Minnetonka 2
BOTTOM OF THE 4TH
Lake Minnetonka Love Boats batting - Pitching for Atlantic City Sonics : RHP Matt O'Keevan
Batting: RHB Francisco Guerra 0-0: Called Strike
0-1: Ball
1-1: Foul Ball, location: 2F
1-2: Ball
2-2: Ball
3-2: Ground out 4-3 (Groundball, 4)
Batting: RHB Martin van Veldhuizen 0-0: Ball
1-0: Ball
2-0: Foul Ball, location: 2F
2-1: Ball
3-1: SINGLE (Line Drive, 56D)
Batting: RHB Yoshii Saikawa 0-0: Called Strike
Martin van Veldhuizen is caught stealing 2nd base
0-1: Ball
1-1: Ball
2-1: Ball
3-1: Ground out U3 (Groundball, 34S)
Bottom of the 4th over - 0 runs, 1 hit, 0 errors, 0 left on base; Atlantic City 2 - Lake Minnetonka 2
TOP OF THE 5TH
Atlantic City Sonics batting - Pitching for Lake Minnetonka Love Boats : RHP Albert Pérez
Batting: RHB John Willoughby 0-0: Ground out 6-3 (Groundball, 6M)
Now at SS: Mike Waddingham
Batting: LHB Xuan-ling Liao 0-0: Called Strike
0-1: Ball
1-1: Foul Ball, location: 2F
1-2: Ball
2-2: Ball
3-2: SINGLE (Groundball, 3D)
Batting: RHB Gary Jenkins 0-0: Ball
1-0: Ball
2-0: Foul Ball, location: 2F
2-1: Foul Ball, location: 2F
2-2: Ball
3-2: Grounds into double play, 1-6-3 (Groundball, 13S)
Top of the 5th over - 0 runs, 1 hit, 0 errors, 0 left on base; Atlantic City 2 - Lake Minnetonka 2
BOTTOM OF THE 5TH
Lake Minnetonka Love Boats batting - Pitching for Atlantic City Sonics : RHP Matt O'Keevan
Batting: LHB Matt Palmer 0-0: Fly out, F8 (Flyball, 8RD)
Batting: SHB Mike Waddingham 0-0: Called Strike
0-1: Called Strike
0-2: Strikes out swinging
Batting: RHB Mario van Heijbeeck 0-0: Ball
1-0: Fly out, F5 (Popup, 25F)
Bottom of the 5th over - 0 runs, 0 hits, 0 errors, 0 left on base; Atlantic City 2 - Lake Minnetonka 2
TOP OF THE 6TH
Atlantic City Sonics batting - Pitching for Lake Minnetonka Love Boats : RHP Albert Pérez
Batting: RHB Dam Son 0-0: Foul Ball, location: 2F
0-1: Called Strike
0-2: Ball
1-2: Ball
2-2: Strikes out swinging, 2-3 out at first.
Batting: RHB Carlos Mendoza 0-0: Ball
1-0: Ball
2-0: Foul Ball, location: 2F
2-1: Foul Ball, location: 2F
2-2: Foul Ball, location: 2F
2-2: Strikes out looking
Batting: LHB Bryce Abood 0-0: Swinging Strike
0-1: Ball
1-1: Ball
2-1: Fly out, F9 (Flyball, 89D)
Top of the 6th over - 0 runs, 0 hits, 0 errors, 0 left on base; Atlantic City 2 - Lake Minnetonka 2
BOTTOM OF THE 6TH
Lake Minnetonka Love Boats batting - Pitching for Atlantic City Sonics : RHP Matt O'Keevan
Batting: LHB Juan Ramírez 0-0: Ball
1-0: Foul Ball, location: 2F
1-1: Ball
2-1: Fly out, F9 (Flyball, 89S)
Batting: RHB Guillermo Carrizales 0-0: Ball
1-0: SOLO HOME RUN (Flyball, 7D), Distance : 380 ft
Batting: LHB Wilton Maynard 0-0: Called Strike
0-1: Ground out 6-3 (Groundball, 6MD)
Batting: RHB Francisco Guerra 0-0: Ball
1-0: Called Strike
1-1: Called Strike
1-2: Ball
2-2: Strikes out looking
Bottom of the 6th over - 1 run, 1 hit, 0 errors, 0 left on base; Atlantic City 2 - Lake Minnetonka 3
TOP OF THE 7TH
Atlantic City Sonics batting - Pitching for Lake Minnetonka Love Boats : RHP Albert Pérez
Batting: RHB Jeff Quesenberry 0-0: Swinging Strike
0-1: Swinging Strike
0-2: Ball
1-2: Ball
2-2: Foul Ball, location: 2F
2-2: Ball
3-2: Base on Balls
Batting: LHB Scotty Mitchell 0-0: Ball
1-0: Ball
2-0: Called Strike
2-1: Ball
3-1: Base on Balls
Jeff Quesenberry to second
Batting: LHB António Casas 0-0: Called Strike
0-1: Ball
1-1: Ball
2-1: Ball
3-1: Foul Ball, location: 2F
3-2: Base on Balls
Jeff Quesenberry to third
Scotty Mitchell to second
Batting: RHB John Willoughby 0-0: Ball
1-0: Foul Ball, location: 2F
1-1: Fly out, F9 (Flyball, 9LD)
Runner from 3rd tags up, SCORES, throw made
Batting: LHB Xuan-ling Liao 0-0: Foul Ball, location: 2F
0-1: Called Strike
0-2: SINGLE (Line Drive, 7S)
Scotty Mitchell to third
António Casas to second
Runner from 3rd tries for Home, SAFE, no throw
Batting: RHB Gary Jenkins 0-0: Ball
1-0: Ball
2-0: Reached on error, E6 (Groundball, 6)
António Casas to third
Xuan-ling Liao to second
Batting: RHB Dam Son 0-0: Ball
1-0: Foul Ball, location: 2F
1-1: Swinging Strike
1-2: Ball
2-2: Ball
3-2: Single, Error in OF, E7, batter to second base
António Casas scores
Xuan-ling Liao scores
Gary Jenkins to third
Pitching: RHP Brad Long
Batting: RHB Carlos Mendoza 0-0: Fly out, F9 (Flyball, 89M)
Runner from 3rd tags up, SCORES, throw made
Batting: LHB Bryce Abood 0-0: Foul Ball, location: 2F
0-1: Ball
1-1: Ball
2-1: Swinging Strike
2-2: Ball
3-2: Strikes out swinging
Top of the 7th over - 5 runs, 2 hits, 2 errors, 1 left on base; Atlantic City 7 - Lake Minnetonka 3
BOTTOM OF THE 7TH
Lake Minnetonka Love Boats batting - Pitching for Atlantic City Sonics : RHP Matt O'Keevan
Batting: RHB Martin van Veldhuizen 0-0: Called Strike
0-1: Ground out 5-3 (Groundball, 5L)
Batting: RHB Yoshii Saikawa 0-0: Ball
1-0: Ball
2-0: Foul Ball, location: 2F
2-1: Foul Ball, location: 2F
2-2: Ball
3-2: Foul Ball, location: 2F
3-2: Fly out, F5 (Line Drive, 5)
Batting: LHB Matt Palmer 0-0: Called Strike
0-1: Called Strike
0-2: Ball
1-2: Fly out, F6 (Popup, 6M)
Bottom of the 7th over - 0 runs, 0 hits, 0 errors, 0 left on base; Atlantic City 7 - Lake Minnetonka 3
TOP OF THE 8TH
Atlantic City Sonics batting - Pitching for Lake Minnetonka Love Boats : RHP Brad Long
Batting: RHB Jeff Quesenberry 0-0: Called Strike
0-1: Ball
1-1: Ground out 4-3 (Groundball, 4)
Batting: LHB Scotty Mitchell 0-0: Called Strike
0-1: Ball
1-1: Ball
2-1: Swinging Strike
2-2: Ball
3-2: Foul Ball, location: 2F
3-2: Fly out, F8 (Flyball, 8RXD)
Batting: LHB António Casas 0-0: Foul Ball, location: 2F
0-1: Ball
1-1: Ball
2-1: Called Strike
2-2: Ground out 4-3 (Groundball, 4D)
Top of the 8th over - 0 runs, 0 hits, 0 errors, 0 left on base; Atlantic City 7 - Lake Minnetonka 3
BOTTOM OF THE 8TH
Lake Minnetonka Love Boats batting - Pitching for Atlantic City Sonics : RHP Matt O'Keevan
Pitching: RHP Butch Cummings
Batting: SHB Mike Waddingham 0-0: Swinging Strike
0-1: Ball
1-1: Ground out 4-3 (Groundball, 4M)
Batting: RHB Mario van Heijbeeck 0-0: Ball
1-0: Ball
2-0: Ball
3-0: Base on Balls
Batting: LHB Juan Ramírez 0-0: Ball
1-0: Foul Ball, location: 2F
1-1: Swinging Strike
1-2: Ball
2-2: Strikes out swinging
Batting: RHB Guillermo Carrizales 0-0: Fly out, F7 (Line Drive, 78S)
Bottom of the 8th over - 0 runs, 0 hits, 0 errors, 1 left on base; Atlantic City 7 - Lake Minnetonka 3
TOP OF THE 9TH
Atlantic City Sonics batting - Pitching for Lake Minnetonka Love Boats : RHP Brad Long
Batting: RHB John Willoughby 0-0: Called Strike
0-1: Fly out, F7 (Flyball, 78D)
Batting: LHB Xuan-ling Liao 0-0: Ground out 6-3 (Groundball, 56D)
Batting: RHB Gary Jenkins 0-0: Ball
1-0: Ball
2-0: Called Strike
2-1: Fly out, F8 (Flyball, 89D)
Top of the 9th over - 0 runs, 0 hits, 0 errors, 0 left on base; Atlantic City 7 - Lake Minnetonka 3
BOTTOM OF THE 9TH
Lake Minnetonka Love Boats batting - Pitching for Atlantic City Sonics : RHP Butch Cummings
Batting: LHB Wilton Maynard 0-0: Ball
1-0: Ball
2-0: Ball
3-0: Called Strike
3-1: Base on Balls
Batting: RHB Francisco Guerra 0-0: Swinging Strike
0-1: Grounds into double play, 5-4-3 (Groundball, 5)
Batting: RHB Martin van Veldhuizen 0-0: Foul Ball, location: 2F
0-1: Ball
1-1: Ball
2-1: Foul Ball, location: 2F
2-2: SINGLE (Groundball, 4MD)
Batting: RHB Yoshii Saikawa 0-0: Ball
1-0: Foul Ball, location: 2F
1-1: Ball
2-1: SINGLE (Line Drive, 8RS)
Martin van Veldhuizen to second
Batting: LHB Matt Palmer 0-0: Foul Ball, location: 2F
0-1: Ball
1-1: Ball
2-1: Foul Ball, location: 2F
2-2: Ball
3-2: Foul Ball, location: 2F
3-2: SINGLE (Groundball, 34D)
Martin van Veldhuizen to third
Yoshii Saikawa to second
Martin van Veldhuizen scores
Yoshii Saikawa to third
Pinch Hitting: RHB Hatui Haunani 0-0: Ball
1-0: Called Strike
1-1: Ball
2-1: Foul Ball, location: 2F
2-2: Ball
3-2: Foul Ball, location: 2F
3-2: Foul Ball, location: 2F
3-2: Foul Ball, location: 2F
3-2: Foul Ball, location: 2F
3-2: Foul Ball, location: 2F
3-2: Base on Balls
Matt Palmer to second
Batting: RHB Mario van Heijbeeck 0-0: Foul Ball, location: 2F
0-1: Swinging Strike
0-2: Fly out, F7 (Flyball, 7D)
Bottom of the 9th over - 1 run, 3 hits, 0 errors, 3 left on base; Atlantic City 7 - Lake Minnetonka 4
Friday, March 29th, 2019 - OOTP Baseball 18.8 Build 76